 Dungeon Crawl Stone Soup version 0.26-a0-852-g6321bf7485 (webtiles) character file.

Game seed: 6754136001284302359

48 marklar909 the Vandal (level 4, 0/29 HPs)
             Began as a Halfling Hunter on Nov 22, 2020.
             Killed from afar by Sigmund (6 damage)
             ... with a magic dart
             ... on level 2 of the Dungeon.
             The game lasted 00:01:26 (1145 turns).

marklar909 the Vandal (Halfling Hunter)             Turns: 1145, Time: 00:01:26

Health: 0/29       AC:  4    Str: 14    XL:     4   Next: 0%
Magic:  4/4        EV: 14    Int:  9    God:
Gold:   48         SH:  0    Dex: 14    Spells: 3/3 levels left

rFire    . . .     SeeInvis .   a - +1 hunting sling
rCold    . . .     Faith    .   (shield restricted)
rNeg     . . .     Spirit   .   c - +0 leather armour
rPois    .         Reflect  .   (no helmet)
rElec    .         Harm     .   (no cloak)
rCorr    .         Rampage  .   (no gloves)
MR       .....                  n - +0 pair of boots
Stlth    +.........             (no amulet)
HPRegen  0.09/turn              (no ring)
MPRegen  0.09/turn              (no ring)

@: no status effects
A: small, mutation resistance 1
a: no special abilities


You were on level 2 of the Dungeon.
You visited 1 branch of the dungeon, and saw 2 of its levels.

You collected 48 gold pieces.

Inventory:

Hand Weapons
 a - a +1 hunting sling (weapon)
 b - a +0 short sword
Missiles
 d - 12 sling bullets (quivered)
 f - 14 stones
Armour
 c - a +0 leather armour (worn)
 n - a +0 pair of boots (worn)
Jewellery
 j - a cursed ring of teleportation {unknown}
 o - a +6 ring of intelligence {unknown}
Scrolls
 e - a scroll of remove curse {unknown}
 l - a scroll of fog {unknown}
Potions
 g - a potion of curing {unknown}
 h - a potion of brilliance {unknown}
 i - a potion of berserk rage {unknown}
 k - a potion of might {unknown}
 m - 2 potions of heal wounds {unknown}


   Skills:
 + Level 2.0 Fighting
 + Level 7.0 Slings
 + Level 1.4 Armour
 + Level 2.4 Dodging
 + Level 1.1 Stealth


You had 3 spell levels left.
You didn't know any spells.
Your spell library was empty.

Dungeon Overview and Level Annotations

Branches:
Dungeon (2/15)

Altars:

Annotations:
D:2 Sigmund


Innate Abilities, Weirdness & Mutations

You are small and have problems with some larger weapons.
You are somewhat resistant to further mutation.


Message History

You hear some strange, mumbled words.
You are more confused.
Something hits you.
You hear some strange, mumbled words.
A puff of flame appears from out of thin air!
The puff of flame hits you. Something hits you!
* * * LOW HITPOINT WARNING * * *
You hear some strange, mumbled words.
Something tries to affect you, but you resist.
You're too confused!
You're too confused!
You're too confused to move!
You feel less confused.
You hear some strange, mumbled words.
Something tries to affect you, but you resist.
There is a strange disturbance nearby!
A magic dart appears from out of thin air!
The magic dart hits you.
You die...

.......#...#
###....#...#
#.(..#...# #....#...#
#.#.##...# #.#(##...#
#........#####
###..........#########
#(.......{..@.......
##.........#########
#.....(......###
..#####..###.# ....>#
#.# ###### #.#
######.# #....#.# #.#
#.##.#.# #.#


There were no monsters in sight!

Vanquished Creatures
  An adder (D:2)
  2 oozes (D:2)
  A worm (D:2)
  2 dart slugs
  A leopard gecko (D:1)
  A giant cockroach (D:1)
  A goblin (D:1)
  3 hobgoblins (D:1)
  3 bats
  A frilled lizard (D:1)
  5 kobolds (D:1)
  5 rats
26 creatures vanquished.

Vanquished Creatures (others)
  2 plants (D:2)
2 creatures vanquished.

Grand Total: 28 creatures vanquished

Notes
Turn   | Place    | Note
-------+----------+-------------------------------------------
     0 | D:1      | marklar909 the Halfling Hunter began the quest for the Orb.
     0 | D:1      | Reached XP level 1. HP: 14/14 MP: 1/1
    19 | D:1      | Reached skill level 6 in Slings
    38 | D:1      | Reached XP level 2. HP: 16/19 MP: 2/2
   942 | D:2      | Reached skill level 1 in Armour
   942 | D:2      | Reached XP level 3. HP: 24/24 MP: 3/3
  1030 | D:2      | Reached skill level 7 in Slings
  1059 | D:2      | Reached XP level 4. HP: 29/29 MP: 4/4
  1072 | D:2      | Noticed Sigmund
  1145 | D:2      | Killed from afar by Sigmund

Illustrated notes

Levels and vault maps discovered:
D:1:      psy_arrival_whirlpool, layout_basic, hex_large
D:2:      kennysheep_six_static_rooms, layout_basic, serial_forest,
          infiniplex_forest_clump_tiny, infiniplex_forest_straight_2,
          infiniplex_forest_corner_2, infiniplex_forest_clump_long,
          infiniplex_forest_join, infiniplex_forest_corner_1,
          infiniplex_forest_lined_2, infiniplex_forest_lined_room_2,
          uniq_sigmund, uniq_jessica

Skill      XL: |  1  2  3 |
---------------+----------+-----
Slings         | 6 7 |  7.0
Armour         | 1 |  1.4
Fighting       | 2 |  2.0
Dodging        | |  2.4
Stealth        | |  1.1

Action                   |  1- 3 |  4- 6 || total
-------------------------+-------+-------++-------
Melee: Hunting sling     |       |     1 ||     1
 Fire: Hunting sling     |    91 |    15 ||   106
Armor: Leather armour    |     2 |     1 ||     3
Dodge: Dodged            |    10 |    11 ||    21

Table legend: (Time is in decaauts)
 A = Elapsed time spent in this place.
 B = Non-inter-level travel time spent in this place.
 C = Inter-level travel time spent in this place.
 D = Time resting spent in this place.
 E = Time spent auto-exploring this place.
 F = Levels seen in this place.
 G = Mean time per level.
                   A        B        C        D        E       F      G
               +--------+--------+--------+--------+--------+-----+--------+
         Total |   1133 |   1065 |     68 |      0 |    857 |   2 |  566.5 |
       Dungeon |   1133 |   1065 |     68 |      0 |    857 |   2 |  566.5 |
               +--------+--------+--------+--------+--------+-----+--------+

Top non-repeatable levels by time:
     D:1: 849 daAuts
     D:2: 284 daAuts
